 Dungeon Crawl Stone Soup version 0.32-a0-859-gb0a091d592 (webtiles) character file.

Game seed: 7424129177153353125

570 zenocrate the Digger (level 7, -2/45 HPs)
             Began as an Octopode Earth Elementalist on Mar 27, 2024.
             Slain by a gnoll
             ... wielding a +0 flail
              (13 damage)
             ... on level 5 of the Dungeon.
             The game lasted 00:03:20 (3395 turns).

zenocrate the Digger (Octopode Earth Elementalist)  Turns: 3395, Time: 00:03:20

Health: -2/45      AC:  1    Str:  9    XL:     7   Next: 34%
Magic:  12/12      EV: 12    Int: 18    God:
Gold:   206        SH:  0    Dex: 12    Spells: 6/13 levels left

rFire   . .          .
                       - Unarmed
rCold   . . .        (no shield)
rNeg    . . .        (helmet restricted)
rPois   .            p - amulet of magic regeneration
rElec   .            (no ring)
rCorr   .            (no ring)
SInv    .            (no ring)
Will    .....        (no ring)
Stlth   +++          (no ring)
HPRegen 0.27/turn    (no ring)
MPRegen 0.53/turn    (no ring)
                     (no ring)

%: no passive effects
@: no status effects
A: almost no armour, amphibious, 8 rings, camouflage 1, gelatinous body 1,
(nimble swimmer 1), tentacles
a: no special abilities


You were on level 5 of the Dungeon.
You visited 1 branch of the dungeon, and saw 5 of its levels.

You collected 206 gold pieces.

Inventory:

Armour
 c - a +0 tower shield
Jewellery
 p - an amulet of magic regeneration (around mantle)
Wands
 o - a wand of flame (18)
 q - a wand of polymorph (12)
Scrolls
 b - a scroll of blinking {unknown}
 e - a scroll of brand weapon {unknown}
 f - 2 scrolls of revelation
 i - a scroll of noise {unknown}
 k - a scroll of teleportation {unknown}
 l - a scroll of silence {unknown}
 m - a scroll of fog {unknown}
 n - a scroll of enchant armour {unknown}
Potions
 a - 5 potions of magic
 d - a potion of lignification {unknown}
 g - a potion of mutation
 h - 2 potions of haste
 j - a potion of brilliance {unknown}


   Skills:
 * Level 2.8 Fighting
 + Level 3.3 Dodging
 - Level 3.2 Stealth
 + Level 2.5 Unarmed Combat
 + Level 3.8 Spellcasting
 + Level 2.7 Conjurations
 + Level 4.1 Earth Magic
 + Level 1.0 Evocations


You had 6 spell levels left.
You knew the following spells:

 Your Spells              Type           Power      Damage    Failure   Level
a - Sandblast             Erth           36%        2d10      2%          1
b - Stone Arrow           Conj/Erth      30%        3d8       11%         3
z - Passwall              Erth           18%        N/A       9%          3

Your spell library contained the following spells:

 Spells                   Type           Power      Damage    Failure   Level
 Brom's Barrelling Bould  Conj/Erth      15%        2d4       36%         4
 Petrify                  Alch/Erth      10%        N/A       54%         4


Dungeon Overview and Level Annotations

Branches:
Dungeon (5/15)
 Temple: D:4-7

Altars:
Hepliaklqana

Shops:
D:1 [

Annotations:
D:4 2 transporters


Innate Abilities, Weirdness & Mutations

You cannot wear most types of armour.
You are amphibious.
You can wear up to eight rings at the same time.
Your skin changes colour to match your surroundings (Stealth+).
Your rubbery body absorbs attacks. (AC +1, EV +1)
((You are camouflaged when in or above water. (Stealth+)))
You have tentacles for arms and can constrict up to eight enemies at once.


Message History

There is a stone staircase leading up here.
Unknown command.
Okay, then.
Casting: Sandblast (safe; 2% risk of failure)
Confirm with . or Enter, or press ? or * to list all spells.
You can't see any susceptible monsters within range! (Use Z to cast anyway.)
You see here 2 stones.
Casting: Sandblast (safe; 2% risk of failure)
Confirm with . or Enter, or press ? or * to list all spells.
Aiming: Sandblast (safe; 2% risk of failure)
Press: ? - help, Shift-Dir - straight line, f - orc
Aim: an orc, wielding a +0 club, wearing a +0 scale mail and quivering boomerangs (asleep, 100% to hit)
The blast of sand hits the orc.
The orc is heavily wounded.
The orc shouts!
You hear a shout! x3
A gnoll comes into view. It is wielding a +0 flail.
You tentacle-slap the orc. You grab the orc.
The orc is severely wounded.
You constrict the orc.
You kill the orc!
A gnoll comes into view. It is wielding a +0 club.
You tentacle-slap the gnoll. Your grab misses the gnoll.
The gnoll is lightly wounded.
The gnoll barely misses you.
You barely miss the gnoll. Your grab misses the gnoll.
The gnoll is lightly wounded.
The gnoll misses you. The gnoll completely misses you.
A gnoll comes into view. It is wielding a +0 halberd.
You tentacle-slap the gnoll. You grab the gnoll.
The gnoll is moderately wounded.
You constrict the gnoll.
The gnoll hits you from afar with a +0 halberd!
The gnoll hits you with a +0 flail! The gnoll hits you with a +0 club.
* * * LOW HITPOINT WARNING * * *
Unknown command.
Okay, then.
Okay, then.
You release your grip on the gnoll.
The gnoll attacks as it pursues you! The gnoll hits you with a +0 flail!
You die...

##########
#..g......
#..g......
#g.# #@^##
#(..#
#..## #..#
#.<# #..#
#... #..##
#..#


You could see 3 gnolls.

Vanquished Creatures
  Grinder (D:3)
  A black bear (D:4)
  A scorpion (D:4)
  A bombardier beetle (D:4)
  An orc priest (D:4)
  A hound (D:4)
  4 adders
  An adder skeleton (D:2)
  An adder zombie (D:2)
  2 ribbon worms (D:4)
  2 dart slugs
  7 orcs
  6 bats (D:1)
  A bat skeleton (D:2)
  7 endoplasms
  8 giant cockroaches
  13 goblins
  8 hobgoblins
  A quokka (D:3)
  6 ball pythons
  A ball python zombie (D:2)
  4 frilled lizards
  7 kobolds
  6 rats
91 creatures vanquished.

Notes
Turn   | Place    | Note
-------+----------+-------------------------------------------
     0 | D:1      | zenocrate the Octopode Earth Elementalist began the quest
                  | for the Orb.
     0 | D:1      | Reached XP level 1. HP: 11/11 MP: 3/3
    94 | D:1      | Reached XP level 2. HP: 18/18 MP: 3/5
   329 | D:1      | Reached XP level 3. HP: 22/22 MP: 4/6
   492 | D:1      | Found Ymuken's Antique Armour Shop.
   982 | D:2      | Reached skill level 1 in Unarmed Combat
  1064 | D:2      | Reached XP level 4. HP: 27/27 MP: 7/7
  1135 | D:2      | Reached skill level 1 in Fighting
  1401 | D:2      | Learned a level 3 spell: Stone Arrow
  1405 | D:2      | Learned a level 3 spell: Passwall
  1446 | D:2      | Found a hazy altar of Hepliaklqana.
  2277 | D:3      | Noticed Grinder
  2286 | D:3      | Killed Grinder
  2287 | D:3      | Reached XP level 5. HP: 31/34 MP: 1/10
  2287 | D:3      | Reached XP level 6. HP: 36/39 MP: 1/11
  2633 | D:4      | Found a transporter.
  2633 | D:4      | Found a transporter.
  2879 | D:4      | Noticed a black bear
  2884 | D:4      | Killed a black bear
  2885 | D:4      | Reached skill level 4 in Earth Magic
  2885 | D:4      | Reached XP level 7. HP: 34/45 MP: 10/12
  3231 | D:4      | Reached skill level 1 in Evocations
  3384 | D:5      | Entered Level 5 of the Dungeon
  3395 | D:5      | Slain by a gnoll

Illustrated notes

Levels and vault maps discovered:
D:1:      dpeg_arrival_subterranean_lakeside_camping, layout_basic,
          serial_shops, shop, minmay_tromino_v4_a
D:2:      layout_rooms, serial_undead, serial_undead_d, serial_undead_b,
          serial_undead_e, serial_undead_e, basic_altar
D:3:      wad_crossroads, layout_basic, uniq_grinder
D:4:      gammafunk_wand_slinger, layout_gridville
D:5:      wander_river, layout_gridville, uniq_duvessa

Skill      XL: |  1  2  3  4  5  6  7 |
---------------+----------------------+-----
Stealth        | 3 |  3.2
Unarmed Combat | 1 2 |  2.5
Fighting       | 1 2 |  2.8
Spellcasting   | 3 |  3.8
Conjurations   | 2 |  2.7
Dodging        | 3 |  3.3
Earth Magic    | 4 |  4.1
Evocations     | 1 |  1.0

Action                     |  1- 3 |  4- 6 |  7- 9 || total
---------------------------+-------+-------+-------++-------
  Melee: Unarmed           |    57 |    91 |    14 ||   162
         Constrict         |    21 |    29 |     5 ||    55
         Tentacles         |    17 |    21 |     3 ||    41
         Punch             |       |     2 |       ||     2
   Cast: Sandblast         |    14 |    13 |     4 ||    31
         Stone Arrow       |       |     2 |       ||     2
    Use: Scroll            |       |     3 |       ||     3
   Stab: Sleeping          |     9 |    10 |       ||    19
 Armour: Skin              |    35 |    38 |     8 ||    81
  Dodge: Dodged            |    27 |    54 |    13 ||    94

Table legend: (Time is in decaauts)
 A = Elapsed time spent in this place.
 B = Non-inter-level travel time spent in this place.
 C = Inter-level travel time spent in this place.
 D = Time resting spent in this place.
 E = Time spent auto-exploring this place.
 F = Levels seen in this place.
 G = Mean time per level.
                   A        B        C        D        E       F      G
               +--------+--------+--------+--------+--------+-----+--------+
         Total |   3406 |   3313 |     93 |      0 |   2648 |   5 |  681.2 |
       Dungeon |   3406 |   3313 |     93 |      0 |   2648 |   5 |  681.2 |
               +--------+--------+--------+--------+--------+-----+--------+

Top non-repeatable levels by time:
     D:4: 976 daAuts
     D:1: 918 daAuts
     D:3: 909 daAuts
     D:2: 590 daAuts
     D:5: 11 daAuts
